Map: [ESL] Dragon Scales

Players

Nice - Winner!

  • Race: Protoss Protoss

Armani

  • Race: Zerg Zerg

Event: IEM Katowice 2023

VOD

Have the link to the VOD?

Description

Time

  • Played on: Feb. 8, 2023, 8:54 a.m.
  • Length: 42:45

All games in this series

Show
View Real Time Build Order
Export as new Build Order

Nice Protoss - Winner!

Build Orders: Nexus First, Oracle Opening 

Get SALT Encoding   

  12  0:00  Probe  
  13  0:12  Probe  
  14  0:20  Pylon  
  14  0:24  Probe (Chrono Boost)  
  15  0:40  Probe (Chrono Boost)  
  16  0:45  Probe (Chrono Boost)  
  17  0:56  Probe  
  18  1:03  Nexus  
  18  1:10  Gateway  
  18  1:16  Assimilator  
  18  1:18  Probe (Chrono Boost)  
  19  1:24  Assimilator  
  19  1:30  Probe (Chrono Boost)  
  19  1:32  Pylon  
  20  1:37  Probe (Chrono Boost)  
  21  1:45  Gateway  
  21  1:48  Probe  
  22  1:59  Cybernetics Core  
  22  2:01  Probe (Chrono Boost)  
  22  2:07  Zealot  
  25  2:13  Probe (Chrono Boost)  
  26  2:20  Probe (Chrono Boost)  
  26  2:22  Probe (Chrono Boost)  
  28  2:27  Probe (Chrono Boost)  
  30  2:30  Probe (Chrono Boost)  
  30  2:33  Probe (Chrono Boost)  
  30  2:36  Stargate  
  31  2:39  Warp Gate  
  31  2:42  Probe  
  32  2:47  Probe  
  33  2:54  Probe  
  33  2:56  Adept  
  33  2:57  Shield Battery  
  35  2:59  Adept  
  35  3:00  Probe  
  38  3:06  Probe  
  38  3:12  Probe  
  40  3:17  Oracle (Chrono Boost)  
  40  3:18  Probe  
  41  3:24  Probe  
  41  3:26  Pylon  
  45  3:32  Probe  
  46  3:39  Nexus  
  46  3:44  Probe  
  46  3:45  Oracle (Chrono Boost)  
  51  3:48  Probe  
  51  3:56  Probe  
  51  4:00  Probe  
  53  4:08  Probe  
  50  4:12  Oracle (Chrono Boost), Probe  
  50  4:13  Assimilator  
  50  4:14  Assimilator  
  54  4:20  Pylon  
  54  4:29  Shield Battery  
  54  4:30  Pylon  
  54  4:31  Forge  
  54  4:32  Pylon  
  54  4:34  Twilight Council  
  54  4:37  Pylon  
  54  4:38  Probe x2  
  54  4:42  Stalker  
  58  4:46  Stalker  
  58  4:51  Probe (Chrono Boost)  
  61  4:54  Protoss Ground Weapons Level 1  
  61  4:57  Probe (Chrono Boost)  
  63  5:01  Probe (Chrono Boost)  
  63  5:03  Probe (Chrono Boost)  
  63  5:04  Shield Battery  
  65  5:08  Gateway, Probe (Chrono Boost)  
  65  5:10  Probe (Chrono Boost)  
  65  5:11  Probe (Chrono Boost)  
  65  5:12  Stalker  
  65  5:13  Probe (Chrono Boost)  
  69  5:17  Probe  
  69  5:18  Blink (Chrono Boost)  
  69  5:21  Probe  
  72  5:23  Probe  
  72  5:25  Gateway  
  73  5:29  Probe  
  74  5:43  Probe x2, Stalker x2  
  74  5:44  Probe  
  74  5:45  Gateway  
  81  5:50  Gateway  
  81  5:53  Pylon  
  81  5:55  Probe  
  82  5:58  Probe x2  
  84  6:05  Pylon, Stalker  
  84  6:06  Stalker  
  84  6:07  Probe  
  89  6:12  Stalker  
  91  6:19  Probe  
  91  6:21  Nexus  
  91  6:24  Probe x2  
  93  6:31  Probe  
  93  6:32  Gateway  
  94  6:35  Stalker x2  
  94  6:37  Pylon  
  94  6:38  Probe  
  98  6:45  Charge (Chrono Boost)  
  99  6:47  Shield Battery, Probe x2  
  99  6:48  Pylon  
  99  6:50  Probe  
  99  6:53  Protoss Ground Weapons Level 2 (Chrono Boost)  
  101  6:58  Robotics Facility  
  101  6:59  Probe x2  
  101  7:00  Pylon  
  103  7:02  Photon Cannon, Probe  
  103  7:04  Photon Cannon  
  103  7:05  Pylon  
  104  7:10  Pylon  
  104  7:15  Stalker x3  
  108  7:21  Oracle (Chrono Boost)  
  113  7:23  Stalker x2  
  113  7:29  Pylon  
  117  7:36  Probe x3  
  120  7:38  Probe  
  120  7:42  Pylon  
  121  7:48  Probe x3  
  121  7:49  Assimilator  
  121  7:50  Robotics Bay  
  121  7:51  Probe  
  125  7:53  Assimilator  
  125  7:55  Pylon  
  128  8:00  Probe x3  
  128  8:01  Stalker x5  
  141  8:13  Assimilator  
  141  8:14  Assimilator  
  141  8:15  Pylon  
  141  8:18  Fleet Beacon  
  141  8:19  Stargate  
  138  8:21  Stargate  
  138  8:26  Photon Cannon  
  138  8:27  Photon Cannon  
  138  8:28  Photon Cannon  
  138  8:30  Shield Battery, Photon Cannon  
  138  8:31  Shield Battery  
  138  8:32  Shield Battery  
  139  8:34  Probe x4  
  139  8:37  Photon Cannon  
  139  8:38  Observer (Chrono Boost)  
  143  8:46  Zealot x5  
  153  8:51  Disruptor (Chrono Boost)  
  153  8:55  Pylon  
  156  8:57  Gravitic Boosters (Chrono Boost)  
  155  9:05  Tempest x2 (Chrono Boost)  
  165  9:17  Tempest (Chrono Boost)  
  165  9:19  Photon Cannon  
  165  9:21  Protoss Ground Weapons Level 3 (Chrono Boost), Photon Cannon  
  165  9:24  Photon Cannon  
  165  9:26  Shield Battery  
  165  9:29  Stalker x2  
  169  9:34  Disruptor (Chrono Boost)  
  172  9:48  Protoss Air Weapons Level 1 (Chrono Boost)  
  172  9:52  Nexus  
  172  9:56  Photon Cannon  
  172  9:58  Shield Battery  
  172  9:59  Tempest, Photon Cannon  
  177  10:01  Photon Cannon  
  177  10:02  Pylon, Disruptor  
  176  10:12  Tempest x2  
  176  10:13  Probe x2  
  176  10:14  Probe x2  
  190  10:23  Cybernetics Core  
  190  10:25  Probe  
  191  10:29  Templar Archives  
  191  10:30  Probe x2  
  193  10:37  Pylon, Observer  
  193  10:39  Pylon  
  185  10:42  Shield Battery  
  185  10:44  Shield Battery  
  185  10:46  Disruptor (Chrono Boost)  
  185  10:47  Pylon  
  192  10:50  Pylon  
  192  10:52  Void Ray  
  200  11:02  Void Ray x2  
  188  11:19  High Templar x3  
  188  11:24  High Templar  
  191  11:26  Zealot x3  
  196  11:39  Disruptor (Chrono Boost)  
  190  11:49  Zealot x3  
  190  11:51  Void Ray  
  190  11:52  Zealot x5, Void Ray  
  200  11:58  Tempest  
  186  12:12  Disruptor (Chrono Boost)  
  187  12:15  Nexus  
  187  12:16  Protoss Air Weapons Level 2 (Chrono Boost), High Templar  
  187  12:17  Unknown  
  187  12:19  Pylon  
  189  12:23  Photon Cannon  
  189  12:25  Photon Cannon  
  189  12:27  Photon Cannon  
  189  12:28  Photon Cannon  
  189  12:29  Photon Cannon  
  197  12:31  Shield Battery  
  197  12:33  Shield Battery  
  197  12:35  Pylon, Protoss Shields Level 1 (Chrono Boost), Void Ray x2 (Chrono Boost)  
  197  12:38  Photon Cannon  
  197  12:39  Photon Cannon  
  197  12:42  Photon Cannon  
  197  12:43  Photon Cannon  
  197  12:44  Photon Cannon  
  197  12:45  Shield Battery  
  197  12:47  Shield Battery  
  197  12:48  Shield Battery  
  197  12:51  Pylon  
  197  12:55  Assimilator  
  197  12:56  Assimilator  
  197  13:00  Pylon, Observer  
  197  13:03  Stargate  
  197  13:04  Stargate  
  193  13:16  High Templar  
  193  13:17  Void Ray (Chrono Boost)  
  199  13:26  Shield Battery  
  199  13:28  Shield Battery  
  199  13:30  Photon Cannon  
  199  13:31  Photon Cannon  
  199  13:33  Photon Cannon  
  199  13:35  Pylon  
  199  13:37  Pylon  
  197  14:03  Photon Cannon  
  197  14:04  Pylon, Nexus  
  197  14:05  Photon Cannon  
  197  14:06  Shield Battery  
  197  14:07  Assimilator  
  197  14:08  Pylon  
  197  14:10  Pylon  
  197  14:12  Assimilator  
  197  14:14  Protoss Air Armor Level 1 (Chrono Boost)  
  196  14:21  Oracle  
  196  14:24  Gateway  
  199  14:25  Gateway, Nexus  
  199  14:27  Pylon, Gateway, Observer  
  199  14:29  Assimilator  
  199  14:32  Assimilator  
  199  14:44  Zealot x4  
  199  14:47  Protoss Shields Level 2 (Chrono Boost)  
  199  14:49  Observer  
  199  14:52  Photon Cannon  
  199  14:53  Photon Cannon  
  199  14:54  Photon Cannon  
  199  14:56  Photon Cannon  
  199  14:57  Shield Battery  
  199  14:58  Shield Battery  
  193  15:01  Pylon  
  193  15:06  Carrier (Chrono Boost)  
  189  15:09  Pylon  
  197  15:14  Protoss Air Weapons Level 3 (Chrono Boost)  
  197  15:16  Gateway  
  197  15:18  Gateway, Dark Shrine  
  197  15:20  Carrier (Chrono Boost)  
  197  15:23  Stargate  
  197  15:25  Photon Cannon  
  197  15:26  Photon Cannon  
  197  15:28  Photon Cannon  
  197  15:30  Shield Battery  
  197  15:31  Shield Battery  
  197  15:33  Pylon  
  197  16:01  Oracle  
  198  16:43  Protoss Air Armor Level 2 (Chrono Boost)  
  198  16:47  Nexus  
  198  16:49  Pylon  
  198  16:52  Pylon  
  198  16:54  Assimilator  
  198  16:58  Assimilator  
  198  17:31  Protoss Shields Level 3 (Chrono Boost)  
  198  18:02  Photon Cannon  
  198  18:04  Photon Cannon  
  198  18:05  Photon Cannon  
  198  18:06  Photon Cannon x2  
  198  18:07  Photon Cannon  
  198  18:08  Photon Cannon  
  198  18:09  Shield Battery, Photon Cannon  
  198  18:11  Shield Battery, Photon Cannon  
  198  18:12  Pylon, Photon Cannon  
  198  18:13  Shield Battery  
  198  18:14  Photon Cannon  
  198  18:15  Photon Cannon  
  198  18:16  Shield Battery  
  198  18:17  Photon Cannon  
  198  18:18  Shield Battery  
  198  18:21  Pylon  
  198  18:24  Photon Cannon  
  198  18:25  Photon Cannon  
  198  18:27  Photon Cannon  
  198  18:28  Photon Cannon  
  198  18:30  Photon Cannon  
  198  18:32  Photon Cannon  
  198  18:35  Shield Battery  
  198  18:38  Shield Battery  
  198  18:40  Shield Battery  
  198  18:42  Pylon  
  198  18:44  Pylon  
  198  18:48  Psionic Storm  
  191  19:06  Carrier x2 (Chrono Boost)  
  194  19:25  Carrier (Chrono Boost)  
  194  19:26  Protoss Air Armor Level 3  
  194  19:28  Shadow Stride (Chrono Boost)  
  200  19:41  Photon Cannon  
  200  19:42  Photon Cannon  
  200  19:44  Photon Cannon  
  200  19:47  Shield Battery  
  200  19:48  Pylon  
  200  19:51  Shield Battery x2, Protoss Ground Armor Level 1 (Chrono Boost)  
  200  19:54  Pylon  
  200  20:13  Photon Cannon x2  
  200  20:17  Pylon  
  200  20:37  Photon Cannon  
  200  20:39  Shield Battery  
  195  21:29  Tempest  
  200  21:53  Tempest  
  192  22:03  Tempest  
  197  22:40  Photon Cannon  
  197  22:43  Photon Cannon  
  197  22:44  Photon Cannon  
  197  22:46  Photon Cannon  
  197  22:48  Protoss Ground Armor Level 2, Photon Cannon  
  197  22:50  Shield Battery  
  197  22:52  Shield Battery  
  197  22:55  Shield Battery  
  195  23:29  Tempest (Chrono Boost)  
  197  23:50  Zealot  
  197  23:55  Assimilator  
  194  23:56  Photon Cannon  
  194  23:57  Photon Cannon  
  194  23:58  Photon Cannon  
  194  23:59  Photon Cannon  
  194  24:00  Tempest x2 (Chrono Boost), Photon Cannon  
  194  24:01  Carrier (Chrono Boost)  
  194  24:02  Shield Battery, Photon Cannon  
  184  24:06  Shield Battery  
  187  24:41  High Templar x3  
  193  24:46  Carrier  
  191  25:15  Tempest  
  179  25:39  Archon  
  179  25:42  Carrier x3  
  197  25:43  High Templar  
  197  25:48  Zealot  
  199  26:07  Oracle  
  194  26:34  Zealot  
  196  26:48  Observer  
  196  26:50  Photon Cannon  
  196  26:51  Oracle (Chrono Boost)  
  196  26:52  Photon Cannon  
  196  26:53  Shield Battery  
  199  26:54  Pylon  
  182  27:18  High Templar  
  182  27:19  High Templar x2  
  180  27:54  Carrier (Chrono Boost)  
  198  27:59  Void Ray x2 (Chrono Boost)  
  198  28:01  High Templar  
  200  28:08  Void Ray (Chrono Boost)  
  192  28:23  High Templar x3  
  192  28:24  High Templar  
  196  28:29  Archon x2  
  196  28:50  Void Ray x3 (Chrono Boost)  
  196  28:51  Void Ray (Chrono Boost)  
  194  29:15  Void Ray (Chrono Boost)  
  198  29:19  Void Ray (Chrono Boost)  
  193  29:43  Void Ray x4 (Chrono Boost)  
  157  29:56  Void Ray (Chrono Boost)  
  137  30:01  Void Ray (Chrono Boost)  
  119  30:10  Stalker  
  119  30:11  Stalker x7  
  119  30:12  Stalker x2  
  134  30:24  Void Ray x4 (Chrono Boost)  
  134  30:33  Carrier (Chrono Boost)  
  146  30:37  Carrier (Chrono Boost)  
  146  30:42  High Templar x3  
  152  30:43  High Templar  
  152  30:44  High Templar x2  
  152  30:47  Carrier x3 (Chrono Boost)  
  180  31:06  Observer (Chrono Boost)  
  180  31:08  Carrier (Chrono Boost)  
  181  31:13  High Templar x2  
  181  31:14  High Templar x2  
  181  31:17  Archon x2  
  189  31:23  Carrier  
  195  31:35  Oracle  
  192  31:53  High Templar x4  
  200  31:58  Archon x2  
  200  32:10  Pylon  
  200  32:21  Nexus  
  200  32:35  Assimilator  
  200  32:47  Photon Cannon  
  200  32:49  Photon Cannon  
  200  32:54  Flux Vanes  
  200  33:13  Shield Battery  
  200  33:19  Photon Cannon  
  200  33:27  Oracle (Chrono Boost)  
  194  33:41  Dark Templar, Oracle (Chrono Boost)  
  194  34:19  Shield Battery  
  194  34:23  Photon Cannon  
  194  34:27  Tempest (Chrono Boost)  
  199  35:10  Assimilator  
  199  35:20  Assimilator  
  197  36:10  Assimilator  
  196  36:21  Tempest  
  193  37:02  Tempest (Chrono Boost)  
  198  37:16  Oracle (Chrono Boost)  
  194  40:22  Oracle x2 (Chrono Boost)  
  175  42:41  Archon x2  
Show
View Real Time Build Order
Export as new Build Order

Armani Zerg 

Build Orders: Hatch First, Lurkers 

Get SALT Encoding   

  12  0:00  Drone  
  13  0:12  Overlord  
  13  0:17  Drone  
  14  0:31  Drone x2  
  16  0:49  Hatchery  
  15  0:52  Drone  
  15  0:55  Drone  
  17  0:59  Drone  
  18  1:08  Extractor  
  17  1:14  Spawning Pool  
  17  1:17  Drone  
  17  1:21  Drone  
  18  1:29  Drone  
  19  1:38  Drone  
  20  1:51  Drone  
  21  2:00  Queen x2  
  26  2:01  Zergling x2  
  26  2:02  Overlord  
  26  2:10  Drone  
  26  2:13  Drone  
  26  2:15  Metabolic Boost  
  28  2:21  Drone  
  29  2:23  Drone  
  30  2:36  Drone  
  31  2:43  Hatchery  
  30  2:44  Drone, Queen  
  30  2:51  Overlord  
  33  2:54  Drone x2  
  35  2:59  Drone  
  36  3:09  Queen  
  36  3:11  Overlord  
  36  3:12  Drone x2  
  40  3:17  Drone x3  
  40  3:19  Drone  
  44  3:29  Queen  
  44  3:30  Drone x3  
  44  3:33  Drone  
  50  3:38  Drone  
  51  3:43  Overlord x2  
  51  3:52  Zergling x2, Evolution Chamber  
  50  3:56  Queen, Spore Crawler  
  50  4:00  Drone x2  
  51  4:06  Drone x3  
  52  4:10  Drone  
  52  4:12  Drone x3  
  56  4:19  Drone  
  56  4:21  Zerg Ground Armor Level 1  
  56  4:22  Spore Crawler  
  56  4:27  Zergling x6  
  56  4:28  Zergling x2  
  56  4:30  Drone  
  61  4:32  Drone  
  61  4:34  Drone x2  
  64  4:39  Drone  
  65  4:48  Drone  
  65  4:49  Roach Warren  
  65  4:50  Drone  
  65  4:52  Drone x5  
  67  4:53  Drone  
  67  4:56  Drone  
  67  5:01  Extractor x2, Drone x2  
  67  5:08  Overlord x3  
  67  5:10  Overlord  
  67  5:25  Spore Crawler  
  67  5:26  Lair  
  67  5:27  Drone x2  
  68  5:29  Drone x6  
  74  5:46  Drone x2  
  74  5:47  Drone x2  
  74  5:48  Drone x7  
  74  5:49  Extractor x2, Drone  
  84  5:50  Overlord  
  84  5:56  Extractor  
  83  5:58  Drone  
  83  6:00  Overlord  
  83  6:03  Overlord  
  83  6:17  Roach x7  
  83  6:18  Overlord  
  97  6:19  Roach x3  
  97  6:25  Evolution Chamber  
  102  6:26  Hatchery, Glial Reconstitution  
  102  6:28  Overseer  
  101  6:34  Zerg Ground Armor Level 2  
  101  6:38  Zergling x10  
  106  6:43  Queen  
  103  6:48  Overseer  
  103  6:50  Drone x6  
  103  6:52  Zerg Missile Weapons Level 1  
  109  6:55  Roach x3  
  109  6:57  Ravager  
  116  7:06  Zergling x10  
  116  7:07  Infestation Pit  
  120  7:10  Ravager  
  120  7:13  Overlord  
  120  7:15  Overlord  
  121  7:23  Overlord  
  121  7:32  Overlord, Hydralisk Den  
  121  7:33  Drone  
  121  7:35  Roach  
  121  7:36  Zergling x14  
  121  7:37  Zergling x2  
  131  7:38  Ravager x3  
  131  7:39  Queen  
  131  7:40  Extractor, Drone x2  
  137  7:44  Extractor, Hive  
  137  7:47  Roach  
  137  7:48  Roach x2  
  137  7:50  Overlord x2  
  142  7:52  Drone x3  
  142  7:54  Drone  
  146  8:05  Grooved Spines  
  146  8:07  Lurker Den  
  146  8:10  Drone x9  
  154  8:14  Drone  
  155  8:21  Hydralisk  
  155  8:22  Hydralisk x5  
  155  8:25  Overlord  
  167  8:29  Overlord  
  167  8:31  Pneumatized Carapace, Overseer  
  167  8:36  Spore Crawler  
  167  8:38  Drone x3  
  168  8:48  Zerg Missile Weapons Level 2  
  168  8:50  Hydralisk x6  
  168  8:55  Drone x3  
  183  9:02  Spine Crawler x2  
  177  9:03  Spine Crawler  
  177  9:07  Adrenal Glands, Seismic Spines  
  171  9:14  Drone x3  
  174  9:17  Spine Crawler  
  174  9:20  Hydralisk x3, Spine Crawler  
  174  9:21  Spine Crawler  
  176  9:36  Viper x2  
  182  9:39  Overlord x3  
  182  9:41  Overlord  
  182  9:47  Hatchery  
  182  9:48  Overlord  
  181  9:54  Overlord  
  181  9:56  Overlord  
  181  9:57  Spire  
  181  9:58  Viper x3  
  189  10:02  Hydralisk  
  190  10:08  Spine Crawler x3  
  190  10:10  Spine Crawler  
  186  10:16  Zerg Ground Armor Level 3  
  186  10:20  Zergling x2  
  186  10:21  Zergling x24  
  196  10:36  Zergling x10  
  196  10:37  Zergling x6  
  198  10:54  Adaptive Talons  
  198  10:55  Pathogen Glands, Muscular Augments  
  198  10:59  Drone  
  176  11:26  Hydralisk x12  
  187  12:01  Zerg Flyer Weapons Level 1  
  187  12:03  Zerg Missile Weapons Level 3, Spire  
  187  12:05  Drone x7  
  187  12:06  Drone x2  
  191  12:14  Lurker x2  
  191  12:15  Lurker x5  
  179  12:17  Hydralisk x9, Spore Crawler x2  
  179  12:19  Drone, Spore Crawler x3  
  179  12:20  Drone x3, Spore Crawler x2  
  179  12:21  Spore Crawler  
  194  12:25  Spore Crawler  
  194  12:27  Spore Crawler x3  
  190  12:32  Overseer x2  
  190  12:39  Extractor  
  190  12:40  Extractor  
  190  12:41  Spore Crawler  
  187  12:46  Infestor x3  
  187  12:48  Neural Parasite  
  193  12:55  Drone x2  
  193  12:57  Drone  
  196  13:03  Spore Crawler  
  196  13:04  Spore Crawler  
  194  13:05  Spore Crawler  
  194  13:07  Spore Crawler  
  194  13:09  Spore Crawler  
  194  13:10  Spore Crawler  
  194  13:11  Zerg Melee Weapons Level 1, Spore Crawler x3  
  187  13:12  Spore Crawler  
  187  13:14  Drone  
  187  13:15  Drone x9  
  187  13:17  Greater Spire  
  196  13:33  Hatchery  
  195  13:37  Drone x2  
  197  13:47  Drone  
  197  13:48  Drone  
  199  14:02  Lurker x3  
  195  14:04  Infestor  
  195  14:05  Overseer x2  
  198  14:18  Spore Crawler  
  198  14:19  Spore Crawler  
  190  14:32  Zerg Flyer Armor Level 1, Zerg Flyer Weapons Level 2  
  190  14:36  Corruptor x6  
  190  14:37  Corruptor x4  
  199  14:42  Corruptor x3  
  199  14:59  Extractor  
  183  15:01  Extractor, Corruptor x3  
  184  15:13  Drone x2  
  184  15:14  Drone x4  
  187  15:24  Drone, Spore Crawler  
  187  15:25  Drone x5, Spore Crawler  
  187  15:26  Spore Crawler  
  187  15:27  Spore Crawler x2  
  188  15:29  Drone x5  
  188  15:33  Spore Crawler  
  188  15:35  Spore Crawler x3  
  189  15:53  Brood Lord x5  
  199  16:18  Zerg Melee Weapons Level 2  
  199  16:19  Baneling Nest  
  199  16:20  Ultralisk Cavern  
  195  16:58  Hatchery  
  195  16:59  Overseer  
  195  17:00  Overseer x4  
  194  17:11  Chitinous Plating  
  194  17:25  Corruptor  
  194  17:26  Corruptor x2  
  200  17:57  Zerg Flyer Weapons Level 3, Zerg Flyer Armor Level 2  
  200  18:06  Centrifugal Hooks  
  200  18:14  Hatchery, Overseer x9  
  199  18:30  Anabolic Synthesis  
  199  18:44  Spore Crawler  
  195  18:57  Corruptor  
  184  19:11  Overlord x2  
  178  19:22  Brood Lord x2  
  178  19:23  Brood Lord  
  186  19:29  Corruptor x8  
  200  19:46  Spore Crawler  
  200  19:47  Spore Crawler x6  
  200  19:48  Spore Crawler  
  200  19:50  Extractor  
  200  19:51  Spore Crawler  
  190  19:54  Extractor  
  190  19:56  Infestor  
  190  19:57  Infestor x4  
  196  20:25  Drone  
  196  20:26  Drone x3  
  196  20:27  Spore Crawler x2  
  196  20:28  Spore Crawler  
  197  20:29  Spore Crawler x2  
  197  20:30  Spore Crawler  
  197  20:31  Spore Crawler  
  193  20:49  Corruptor x3  
  190  21:57  Viper x2  
  196  22:01  Corruptor x2  
  196  22:04  Zerg Flyer Armor Level 3  
  196  22:05  Zerg Melee Weapons Level 3  
  200  22:37  Overseer  
  196  23:23  Infestor x3  
  196  23:24  Infestor  
  188  23:30  Corruptor x4  
  200  23:37  Brood Lord  
  196  23:41  Brood Lord  
  194  23:49  Overlord x2  
  192  23:58  Corruptor x2  
  192  23:59  Overlord  
  192  24:00  Overlord x2  
  188  24:39  Viper x3  
  188  24:40  Viper  
  196  24:55  Brood Lord x2  
  174  25:39  Corruptor x14  
  174  25:41  Overlord  
  200  25:47  Overlord, Ultralisk Cavern  
  199  25:55  Hydralisk Den  
  192  26:22  Brood Lord x3  
  192  26:23  Brood Lord  
  186  26:47  Brood Lord x3  
  186  26:48  Brood Lord  
  186  26:50  Corruptor x4  
  197  27:01  Spine Crawler x2  
  197  27:02  Spine Crawler x2  
  197  27:04  Spine Crawler  
  197  27:07  Spine Crawler x2, Spore Crawler x4  
  197  27:08  Spine Crawler, Spore Crawler  
  184  27:09  Spore Crawler x3  
  184  27:10  Spore Crawler  
  184  27:11  Spore Crawler  
  184  27:12  Spore Crawler x5  
  184  27:13  Spine Crawler, Spore Crawler x3  
  153  27:17  Corruptor x2  
  153  27:18  Corruptor x13  
  193  27:31  Infestor x4  
  179  28:24  Burrow  
  177  28:40  Overlord x6  
  172  28:48  Corruptor x7  
  169  28:49  Overlord  
  169  28:50  Overlord x2  
  179  29:05  Corruptor  
  176  29:27  Corruptor x3  
  133  29:51  Corruptor x2  
  105  30:13  Drone  
  106  30:16  Drone, Queen  
  106  30:17  Drone, Queen x3  
  106  30:19  Queen  
  122  30:24  Brood Lord  
  119  30:29  Ultralisk  
  119  30:31  Zergling x26  
  119  30:32  Zergling x2  
  119  30:33  Zergling x4  
  135  30:37  Drone  
  135  30:40  Spine Crawler  
  135  30:42  Spine Crawler x2  
  133  30:50  Hatchery  
  133  30:52  Drone x2, Queen  
  136  30:57  Overseer  
  135  31:07  Corruptor x2  
  135  31:10  Drone x2  
  141  31:17  Drone  
  142  31:45  Infestor x2  
  142  31:46  Drone x5  
  142  31:47  Drone x11  
  162  31:50  Spore Crawler  
  162  31:51  Spore Crawler x2  
  162  31:52  Spore Crawler x2  
  157  31:54  Spore Crawler x2  
  157  31:55  Spore Crawler  
  157  31:56  Spore Crawler  
  153  32:05  Infestor  
  155  32:09  Drone x2  
  155  32:23  Infestor  
  157  32:44  Infestor  
  159  32:53  Drone x2  
  161  33:07  Infestor  
  163  33:15  Drone x11  
  174  33:28  Corruptor  
  174  33:29  Corruptor  
  178  33:45  Spore Crawler  
  178  33:47  Spore Crawler  
  178  33:48  Spore Crawler  
  175  33:50  Spore Crawler  
  175  33:51  Spore Crawler x2  
  175  33:53  Spore Crawler  
  175  33:54  Spore Crawler  
  169  34:07  Viper  
  172  34:28  Spore Crawler x2  
  172  34:29  Corruptor x2, Spore Crawler  
  169  34:42  Brood Lord  
  171  35:11  Corruptor  
  173  35:29  Corruptor  
  171  35:42  Brood Lord  
  163  36:13  Brood Lord  
  165  36:22  Queen x4  
  165  36:23  Queen x2  
  177  36:29  Spore Crawler  
  177  36:30  Spore Crawler x2  
  177  36:32  Spore Crawler x2  
  172  36:33  Spore Crawler  
  172  36:35  Spore Crawler  
  170  36:50  Corruptor  
  172  36:58  Corruptor  
  174  37:24  Corruptor  
  176  37:39  Corruptor  
  172  38:11  Brood Lord  
  169  38:39  Spore Crawler  
  165  38:53  Queen x2  
  165  38:54  Queen x4  
  175  39:10  Corruptor  
  177  39:29  Queen  
  171  40:06  Overlord x4  
  171  40:24  Overlord x2  
  171  40:39  Overlord x3  
  171  40:47  Queen x5  
  181  41:52  Infestor x5  

Tags
 
Add a new tag
Caveats
  • Supply blocks, unpowered buildings, or Contaminate may cause inaccurate times.
  • Supply counts are checked every 10 seconds.